 Dungeon Crawl Stone Soup version 0.19-a0-1834-g6b7851e (webtiles) character file.

14 4thArraOfDagon the Grave Robber (level 2, -2/24 HPs)
             Began as a Troll Necromancer on Oct 9, 2016.
             Slain by a worker ant (4 damage)
             ... on level 4 of the Dungeon.
             The game lasted 00:01:18 (280 turns).

4thArraOfDagon the Grave Robber (Troll Necromancer)  Turns: 280, Time: 00:01:19

Health: -2/24      AC:  5    Str: 15    XL:     2   Next: 27%
Magic:  2/2        EV: 10    Int: 16    God:
Gold:   70         SH:  0    Dex: 10    Spells: 1 memorised, 2 levels left

rFire  . . .     SeeInvis .       - Unarmed
rCold  . . .     Gourm    +     a - +0 robe
rNeg   + . .     Faith    .     (no shield)
rPois  +         Spirit   .     (helmet restricted)
rElec  .         Dismiss  .     (no cloak)
rCorr  .         Reflect  .     (gloves unavailable)
MR     .....     Harm     .     (boots unavailable)
Stlth  +.........               (no amulet)
                                n - ring of positive energy
                                g - ring of poison resistance

@: brilliant, lethally poisoned (-2 -> -3)
A: unfitting armour, claws 3, fast metabolism 3, gourmand, regeneration 1,
shaggy fur 1, tough skin 2
a: no special abilities


You were on level 4 of the Dungeon.
You were very full.

You visited 1 branch of the dungeon, and saw 4 of its levels.

You collected 70 gold pieces.

Inventory:

Armour
 a - a +0 robe (worn)
Jewellery
 g - a ring of poison resistance (left claw)
 n - a ring of positive energy (right claw)
Scrolls
 d - a scroll of immolation {unknown}
 e - a scroll of magic mapping {unknown}
 f - 2 scrolls of remove curse {unknown}
 h - a scroll of noise {unknown}
 l - a scroll of amnesia {unknown}
 p - 2 scrolls of identify {unknown}
Potions
 i - a potion of lignification {unknown}
 j - a potion of brilliance
 k - a potion of invisibility {unknown}
 o - a potion of degeneration {unknown}
 q - a potion of heal wounds {unknown}
Books
 b - a book of Necromancy

   Spells                             Type                      Level
   a - Pain                           Necromancy                   1
   b - Animate Skeleton               Necromancy                   1
   c - Vampiric Draining              Necromancy                   3
   d - Regeneration                   Charms/Necromancy            3
   e - Animate Dead                   Necromancy                   4
   f - Control Undead                 Necromancy                   4
Comestibles
 c - 2 bread rations
 m - a meat ration


   Skills:
 - Level 1.5 Dodging
 - Level 1.0 Stealth
 * Level 2.0 Unarmed Combat
 - Level 1.2 Spellcasting
 - Level 3.2 Necromancy


You had 2 spell levels left.
You knew the following spells:

 Your Spells              Type           Power        Failure   Level  Hunger
a - Pain                  Necr           ###.         1%          1    ##.....


Dungeon Overview and Level Annotations

Branches:
Dungeon (4/15)
 Temple: D:4-7

Altars:


Innate Abilities, Weirdness & Mutations

You are too large for most types of armour.
You have claws for hands.
Your metabolism is lightning-fast.
You like to eat raw meat.
Your natural rate of healing is unusually fast.
You are covered in fur. (AC +1)
You have very tough skin. (AC +2)


Message History

The worker ant bites you.
You claw the worker ant!
The worker ant is heavily wounded.
You feel sick. The worker ant closely misses you.
You closely miss the worker ant.
The worker ant is heavily wounded.
The worker ant barely misses you. The worker ant bites you.
* * * LOW HITPOINT WARNING * * *
You are too injured to fight recklessly!
You closely miss the worker ant.
The worker ant is heavily wounded.
You feel sick. The worker ant bites you.
* * * LOW HITPOINT WARNING * * *
You are too injured to fight recklessly!
You are too injured to fight recklessly!
You are too injured to fight recklessly!
It was a potion of brilliance.
You feel clever all of a sudden. The worker ant bites you.
You die...

.# #.##.......## ...
......... #.# ......#
###.####.....# .##
............#
.....####.###......##
.......@aZ.##.......####
.##..####a...†.†<.....$.
........................
..........a...###.#.####
[##..##.##..#####.....
..............)......##
......................#
...................$...
......................#


You could see 2 worker ants and an adder skeleton.

Vanquished Creatures
  A dart slug (D:1)
  A ball python (D:4)
  2 bats
  3 hobgoblins
  4 rats
11 creatures vanquished.

Notes
Turn   | Place    | Note
-------+----------+-------------------------------------------
     0 | D:1      | 4thArraOfDagon the Troll Necromancer began the quest for the Orb.
     0 | D:1      | Reached XP level 1. HP: 16/16 MP: 1/1
    34 | D:1      | Reached skill level 1 in Unarmed Combat
   169 | D:2      | Reached XP level 2. HP: 18/24 MP: 2/2
   184 | D:2      | just stay positive
   195 | D:2      | :)
   280 | D:4      | Slain by a worker ant

Vault maps used:
D:1:      dpeg_arrival_lava_altar, minmay_misc_feat_cross, minmay_distorted
D:3:      marbit_many_paths, first_bread, columned_hall_lemuel, uniq_natasha,
          uniq_terence
D:4:      enter_ossuary_2, uniq_sigmund, uniq_grinder

Skill      XL: |  1  2 |
---------------+-------+-----
Unarmed Combat | 1 2 |  2.0
Dodging        | |  1.5
Stealth        | |  1.0
Spellcasting   | |  1.2
Necromancy     | |  3.2

Action                   || total
-------------------------++-------
Melee: Unarmed           ||    39
  Use: Potion            ||     1
  Eat: Chunk             ||     6
Armor: Robe              ||    15
Dodge: Dodged            ||    23
